 Dungeon Crawl Stone Soup version 0.30.2 (webtiles) character file.

Game seed: 15767288502449751656

88 Ashen the Trooper (level 4, 0/45 HPs)
             Began as an Ogre Warper on Jan 19, 2024.
             Slain by an orc
             ... wielding a +0 short sword
              (3 damage)
             ... on level 4 of the Dungeon.
             The game lasted 00:06:34 (2538 turns).

Ashen the Trooper (Ogre Warper)                     Turns: 2538, Time: 00:06:35

Health: 0/45       AC:  3    Str: 15    XL:     4   Next: 53%
Magic:  4/8        EV: 10    Int: 16    God:
Gold:   156        SH:  0    Dex:  8    Spells: 1/9 levels left

rFire   . . .        o - +0 mace (drain)
rCold   . . .        (no shield)
rNeg    . . .        b - +0 robe
rPois   .            (helmet restricted)
rElec   .            (no cloak)
rCorr   .            (gloves unavailable)
SInv    .            (boots unavailable)
Will    .....        (no amulet)
Stlth   +            (no ring)
HPRegen 0.27/turn    a - ring of wizardry
MPRegen 0.11/turn

%: wizardry (x1)
@: confused
A: large, unfitting armour, tough skin 1
a: no special abilities


You were on level 4 of the Dungeon.
You visited 1 branch of the dungeon, and saw 4 of its levels.

You collected 156 gold pieces.

Inventory:

Hand Weapons
 o - a +0 mace of draining (weapon)
Missiles
 d - 7 boomerangs of dispersal (quivered)
Armour
 b - a +0 robe (worn)
Jewellery
 a - a ring of wizardry (right hand)
Scrolls
 c - 3 scrolls of blinking
 e - 3 scrolls of identify {unknown}
 f - 2 scrolls of vulnerability {unknown}
 h - 2 scrolls of enchant armour {unknown}
 l - 2 scrolls of magic mapping {unknown}
 n - a scroll of fog {unknown}
 r - a scroll of enchant weapon {unknown}
Potions
 g - 3 potions of curing {unknown}
 i - a potion of berserk rage {unknown}
 j - a potion of mutation {unknown}
 k - 3 potions of heal wounds {unknown}
 m - a potion of haste {unknown}
 p - 3 potions of attraction {unknown}
 q - 2 potions of brilliance {unknown}


   Skills:
 + Level 3.4 Fighting
 + Level 2.0 Maces & Flails
 - Level 1.0 Throwing
 + Level 2.4 Dodging
 + Level 1.0 Stealth
 * Level 3.2 Spellcasting
 * Level 3.2 Translocations
 * Level 0.5 Air Magic


You had one spell level left.
You knew the following spells:

 Your Spells              Type           Power      Damage    Failure   Level
a - Blink                 Tloc           24%        N/A       3%          2
b - Teleport Other        Tloc           12%        N/A       6%          3
c - Vhi's Electric Charg  Tloc/Air       16%        N/A       11%         3

Your spell library contained the following spells:

 Spells                   Type           Power      Damage    Failure   Level
 Lesser Beckoning         Tloc           24%        N/A       3%          2
 Manifold Assault         Tloc           12%        N/A       19%         4
 Blade Hands              Tmut           1%         N/A       87%         5
 Irradiate                Conj/Tmut      1%         3d12      87%         5
 Dragon Form              Tmut           1%         N/A       100%        7


Dungeon Overview and Level Annotations

Branches:
Dungeon (4/15)
 Temple: D:4-7

Altars:

Annotations:
D:3 Terence


Innate Abilities, Weirdness & Mutations

You are too large for most types of armour.
You have tough skin. (AC +1)


Message History

You feel less confused.
The orc wizard hits you with a +0 dagger.
You hit the orc wizard. You drain the orc wizard.
The orc wizard is heavily wounded.
The orc wizard hits you but does no damage.
You closely miss the orc wizard.
The orc wizard is heavily wounded.
The orc wizard barely misses you.
You hit the orc wizard.
The orc wizard is severely wounded.
The orc wizard points at you and mumbles some strange words.
You are confused.
The orc wizard casts a spell at you.
You are more confused.
Unknown command.
You bump into the rock wall.
The orc wizard casts a spell at you. The magic dart hits you.
* * * LOW HITPOINT WARNING * * *
You bump into the rock wall.
The orc wizard gestures at you while chanting.
The magic dart hits you!
* * * LOW HITPOINT WARNING * * *
You bump into the rock wall.
The orc wizard gestures at you while chanting.
You resist with some effort.
You closely miss the orc wizard.
The orc wizard is severely wounded.
The orc wizard mumbles some strange words.
The orc wizard flickers and vanishes!
Deactivating autopickup; reactivate with Ctrl-A.
You bump into the rock wall.
Something hits you.
* * * LOW HITPOINT WARNING * * *
You're too confused to cast spells.
The orc throws a boomerang.
The boomerang hits you but does no damage.
You're too confused to move!
Something hits you but does no damage.
The orc throws a boomerang.
The boomerang closely misses you. The orc hits you with a +0 short sword.
You die...

.. ... ### o... #$.
.o.o.##.######.
....o..........
#.######.######.
#...............
#....##.#########.#
#.. #lo@{.......# #
####.........
###.######
#....)..<#
##########


You could see an iguana and an orc.

Vanquished Creatures
  An adder (D:2)
  A worm (D:2)
  13 dart slugs
  An orc (D:4)
  3 endoplasms
  A giant cockroach (D:2)
  5 goblins
  3 hobgoblins
  4 kobolds
  7 ball pythons
  6 bats
  3 frilled lizards
  5 rats
53 creatures vanquished.

Notes
Turn   | Place    | Note
-------+----------+-------------------------------------------
     0 | D:1      | Ashen the Ogre Warper began the quest for the Orb.
     0 | D:1      | Reached XP level 1. HP: 22/22 MP: 3/3
   245 | D:1      | Reached XP level 2. HP: 6/29 MP: 5/5
   395 | D:1      | Found a faded altar of an unknown god.
  1037 | D:2      | Reached XP level 3. HP: 37/37 MP: 7/7
  1249 | D:2      | Learned a level 2 spell: Blink
  1253 | D:2      | Learned a level 3 spell: Teleport Other
  1257 | D:2      | Learned a level 3 spell: Vhi's Electric Charge
  1782 | D:3      | Reached XP level 4. HP: 43/45 MP: 8/8
  2084 | D:3      | Noticed Terence
  2462 | D:4      | Noticed a scorpion
  2517 | D:4      | Reached skill level 1 in Stealth
  2535 | D:4      | HP: 2/45 [something (3)]
  2538 | D:4      | Slain by an orc

Illustrated notes

Levels and vault maps discovered:
D:1:      psy_arrival_whirlpool, layout_loops_cross,
          nicolae_ecumenical_lake_church, wad_floor_pattern_2, chequers_garden,
          serial_bayou_ford_a, minmay_vboxes
D:2:      layout_loops_ring
D:3:      kennysheep_slugbush, layout_basic, uniq_terence
D:4:      layout_basic, minmay_temple_entry_trees

Skill      XL: |  1  2  3  4 |
---------------+-------------+-----
Fighting       | 3 |  3.4
Translocations | 3 |  3.2
Maces & Flails | 2 |  2.0
Spellcasting   | 3 |  3.2
Stealth        | 1 |  1.0
Throwing       | |  1.0
Dodging        | |  2.4
Air Magic      | |  0.5

Action                     |  1- 3 |  4- 6 || total
---------------------------+-------+-------++-------
  Melee: Mace              |   107 |    40 ||   147
   Cast: Vhi's Electric Ch |     1 |       ||     1
         Teleport Other    |       |     2 ||     2
 Armour: Robe              |    41 |    13 ||    54
  Dodge: Dodged            |    82 |    27 ||   109
